 Dungeon Crawl Stone Soup version 0.19.3 (webtiles) character file.

142 Macro the Sneak (level 5, -1/32 HPs)
             Began as a Halfling Enchanter on Jan 22, 2017.
             Slain by a gnoll
             ... wielding a +0 whip
              (3 damage)
             ... on level 2 of the Dungeon.
             The game lasted 00:14:51 (2321 turns).

Macro the Sneak (Halfling Enchanter)                Turns: 2321, Time: 00:14:51

Health: -1/32      AC:  4    Str:  9    XL:     5   Next: 50%
Magic:  8/8        EV: 16    Int: 14    God:
Gold:   161        SH:  0    Dex: 15    Spells: 2 memorised, 5 levels left

rFire  x . .     SeeInvis .     a - +1 dagger
rCold  + . .     Gourm    .     b - +1 robe
rNeg   . . .     Faith    .     (shield restricted)
rPois  .         Spirit   .     g - +0 helmet
rElec  .         Reflect  .     (no cloak)
rCorr  .         Harm     .     (no gloves)
MR     .....                    (no boots)
Stlth  +++.......               (no amulet)
                                (no ring)
                                j - ring of ice

@: starving
A: mutation resistance 1
a: no special abilities


You were on level 2 of the Dungeon.
You were starving.

You visited 1 branch of the dungeon, and saw 2 of its levels.

You collected 161 gold pieces.

Inventory:

Hand Weapons
 a - a +1 dagger (weapon)
Armour
 b - a +1 robe (worn)
 g - a +0 helmet (worn)
Jewellery
 j - a ring of ice (left hand)
Scrolls
 f - 5 scrolls of identify {unknown}
 h - a scroll of fear {unknown}
 i - a scroll of enchant armour {unknown}
 k - 3 scrolls of enchant weapon {unknown}
 l - a scroll of amnesia {unknown}
 n - a scroll of teleportation {unknown}
Potions
 e - 2 potions of flight {unknown}
 m - a potion of haste {unknown}
 o - 2 potions of brilliance {unknown}
Books
 c - a book of Maledictions

   Spells                             Type                      Level
   a - Corona                         Hexes                        1
   b - Ensorcelled Hibernation        Hexes/Ice                    2
   c - Confuse                        Hexes                        3
   d - Tukima's Dance                 Hexes                        3
   e - Dazzling Spray                 Conjuration/Hexes            3
Comestibles
 d - a bread ration


   Skills:
 + Level 0.3 Fighting
 + Level 2.2 Short Blades
 + Level 3.1 Dodging
 * Level 4.7 Stealth
 + Level 2.0 Spellcasting
 + Level 2.6 Hexes
 + Level 1.6 Ice Magic


You had 5 spell levels left.
You knew the following spells:

 Your Spells              Type           Power        Failure   Level  Hunger
a - Corona                Hex            #......      10%         1    ##.....
b - Ensorcelled Hibernat  Hex/Ice        ##....       17%         2    ###....


Dungeon Overview and Level Annotations

Branches:
Dungeon (2/15)

Altars:


Innate Abilities, Weirdness & Mutations

You are small and have problems with some larger weapons.
You are somewhat resistant to further mutation.


Message History

The gnoll hits you with a whip!
* * * LOW HITPOINT WARNING * * *
You open the door. The gnoll hits you but does no damage.
There is an open door here.
You open the door. The gnoll barely misses you.
There is an open door here.
There is an escape hatch in the floor here.
You closely miss the gnoll.
The gnoll is severely wounded.
You closely miss the gnoll.
The gnoll is severely wounded.
The gnoll completely misses you.
You closely miss the gnoll.
The gnoll is severely wounded.
The gnoll hits you with a whip.
* * * LOW HITPOINT WARNING * * *
You closely miss the gnoll.
The gnoll is severely wounded.
The gnoll hits you with a whip.
You die...

.## ##.# ##.###.#.## .# #.####
##.## ##..## .## ##....# #.##
##... #.###.....# ##.## ##..##
##.....>..######## ##.###.#†#
##...##...g.g..g# ##.#.##.##
##g###########g# ##<###... #.#
#g# #.# #### #.# #@# #.# ##'##
##.## #.# ##.g.## #...# #g###
##.....## ###.## #g..# #......g##
##.#.# ###.##
.........####....##########...###
.........'..g.....)..............
.........####....##########...###
#.......## ###.#.## #......#


You could see 3 gnolls.

Vanquished Creatures
  A gnoll (D:2)
  9 adders (D:2)
  A worm (D:2)
  10 bats
  8 goblins
  7 hobgoblins
  7 kobolds
  7 frilled lizards
  6 rats
56 creatures vanquished.

Notes
Turn   | Place    | Note
-------+----------+-------------------------------------------
     0 | D:1      | Macro the Halfling Enchanter began the quest for the Orb.
     0 | D:1      | Reached XP level 1. HP: 11/11 MP: 3/3
   230 | D:1      | Reached XP level 2. HP: 5/17 MP: 4/4
   245 | D:1      | Learned a level 2 spell: Ensorcelled Hibernation
   682 | D:1      | Reached XP level 3. HP: 17/21 MP: 0/5
  1018 | D:2      | Reached skill level 4 in Stealth
  1198 | D:2      | Reached skill level 1 in Ice Magic
  1198 | D:2      | Reached XP level 4. HP: 27/27 MP: 6/6
  1683 | D:2      | Reached XP level 5. HP: 27/32 MP: 1/7
  2321 | D:2      | Slain by a gnoll

Skill      XL: |  1  2  3  4  5 |
---------------+----------------+-----
Stealth        | 4 |  4.7
Ice Magic      | 1 |  1.6
Short Blades   | 2 |  2.2
Dodging        | 3 |  3.1
Spellcasting   | 2 |  2.0
Fighting       | |  0.3
Hexes          | |  2.6

Action                   |  1- 3 |  4- 6 || total
-------------------------+-------+-------++-------
Melee: Dagger            |    87 |   141 ||   228
 Cast: Corona            |     4 |     3 ||     7
       Ensorcelled Hiber |    17 |    21 ||    38
 Stab: Sleeping          |    13 |     7 ||    20
  Eat: Chunk             |     3 |     3 ||     6
Armor: Robe              |    16 |    25 ||    41
Dodge: Dodged            |    71 |    96 ||   167
